 Dungeon Crawl Stone Soup version 0.23.2 (webtiles) character file.

Game seed: 15745216655444752680

29100 cklessthan3 the Brawler (level 13, -1/127 HPs)
             Began as a Troll Berserker on Apr 7, 2019.
             Was a Priest of Trog.
             Slain by a seven-headed hydra (5 damage)
             ... on level 4 of the Lair of Beasts.
             The game lasted 00:57:32 (10392 turns).

cklessthan3 the Brawler (Troll Berserker)          Turns: 10392, Time: 00:57:32

Health: -1/127     AC:  8    Str: 31 (32) XL:     13   Next: 13%
Magic:  12/12      EV: 12    Int:  2 (3)  God:    Trog [***...]
Gold:   586        SH: 11    Dex: 11      Spells: 12/12 levels left

rFire    + + .     SeeInvis .     - Unarmed
rCold    + . .     Gourm    +   z - +0 shield
rNeg     . . .     Faith    .   a - +2 animal skin
rPois    .         Spirit   .   d - +0 hat
rElec    .         Reflect  .   m - scarf {rC+ rF+}
rCorr    .         Harm     .   (gloves unavailable)
MR       ++...                  (boots unavailable)
Stlth    +++.......             t - amulet of regeneration
HPRegen  2.11/turn              A - ring of stealth
MPRegen  0.13/turn              K - +2 ring of dexterity

@: about to teleport, regenerating
A: large, unfitting armour, claws 3, deterioration 1, fire resistance 1, fast
metabolism 3, gourmand, regeneration 1, shaggy fur 1, tough skin 3
a: Berserk, Trog's Hand, Renounce Religion


You were on level 4 of the Lair of Beasts.
You worshipped Trog.
Trog was most pleased with you.
You were completely stuffed.

You visited 2 branches of the dungeon, and saw 13 of its levels.
You also visited: Ossuary.

You collected 586 gold pieces.

Inventory:

Missiles
 D - 3 tomahawks of dispersal (quivered)
 I - 7 tomahawks
Armour
 a - a +2 animal skin (worn)
 c - a cursed +0 cloak
 d - a +0 hat (worn)
 m - a scarf of resistance (worn)
 z - a +0 shield (worn)
 M - a +0 cloak
Jewellery
 l - an uncursed amulet of magic regeneration
 o - an uncursed ring of flight
 t - an amulet of regeneration (around neck)
 A - a ring of stealth (left claw)
 B - an uncursed amulet of harm {unknown}
 C - a +5 ring of dexterity
 J - an uncursed amulet of magic regeneration
 K - a +2 ring of dexterity (right claw)
Wands
 h - a wand of random effects (26)
 p - a wand of digging (3)
 s - a wand of paralysis (7)
 v - a wand of disintegration (7)
 x - a wand of iceblast (12)
 L - a wand of flame (48)
Scrolls
 j - 5 scrolls of remove curse
 q - 2 scrolls of magic mapping
 r - a scroll of fog
 u - a scroll of vulnerability {unknown}
 w - 8 scrolls of teleportation
 F - 4 scrolls of fear
Potions
 e - 5 potions of brilliance
 f - 2 potions of flight
 g - a potion of lignification
 i - a potion of invisibility
 k - 3 potions of curing
 n - 2 potions of haste
Miscellaneous
 y - a lamp of fire
Comestibles
 b - 17 rations
 G - 5 chunks of flesh


   Skills:
 + Level 7.7 Fighting
 + Level 7.8 Dodging
 - Level 1.6 Stealth
 + Level 6.0 Shields
 * Level 16.5 Unarmed Combat


You had 12 spell levels left.
You didn't know any spells.
Your spell library was empty.

Dungeon Overview and Level Annotations

Branches:
Dungeon (9/15)             Temple (0/1) D:5            Lair (4/6) D:9
 Shoals (0/4) Lair:2       Spider (0/4) Lair:3
    Orc: D:9-12

Altars:
Qazlal

Shops:
D:6 [[


Innate Abilities, Weirdness & Mutations

You are too large for most types of armour.
You have claws for hands.
Your metabolism is lightning-fast.
You like to eat raw meat.
Your natural rate of healing is unusually fast.
You are covered in fur. (AC +1)
You have extremely tough skin. (AC +3)
Your body sometimes deteriorates upon taking damage.
Your flesh is heat resistant. (rF+)


Message History

The seven-headed hydra is heavily wounded.
You block the seven-headed hydra's attack.
The seven-headed hydra barely misses you. x2
You block the seven-headed hydra's attack.
The seven-headed hydra bites you!
* * * LOW HITPOINT WARNING * * *
The seven-headed hydra bites you!
* * * LOW HITPOINT WARNING * * *
The seven-headed hydra bites you!
* * * LOW HITPOINT WARNING * * *
As you read the scroll of teleportation, it crumbles to dust.
You feel strangely unstable. The seven-headed hydra bites you.
* * * LOW HITPOINT WARNING * * *
The seven-headed hydra bites you.
* * * LOW HITPOINT WARNING * * *
The seven-headed hydra bites you but does no damage. x2
You block the seven-headed hydra's attack.
The seven-headed hydra bites you but does no damage.
The seven-headed hydra bites you.
You die...

## ### ####### ##.##.##
##### #....P##
#......##....##
.......####.............#
................@........
.........>.....†D........
.........................
##.###...................
#...##...[#..............
.#...#..#......÷..P..P..P
...............♣≈≈.≈.≈.P.
P...........÷....≈≈.≈≈≈≈♣
..........<...P≈.≈≈≈≈≈≈≈≈


You could see a seven-headed hydra.

Vanquished Creatures
  Harold (D:8)
  A hydra (Lair:3)
  6 elephants (Lair:4)
  Psyche (D:8)
  4 black mambas
  3 spiny frogs
  The ghost of kalagan the Digger, a novice DEEE of Sif Muna (D:7)
  2 rime drakes
  6 komodo dragons
  A slime creature (D:9)
  7 hippogriffs
  3 blink frogs (Lair:3)
  A wyvern (Lair:2)
  26 yaks
  A hungry ghost (D:7)
  Grum (D:8)
  Edmund (D:6)
  8 porcupines
  7 water moccasins
  3 ice beasts
  3 black bears
  2 orc warriors
  A phantom (D:5)
  A sky beast (D:8)
  6 ogres
  9 wolves
  A centaur (D:5)
  4 crocodiles
  2 elf zombies (Ossuary)
  7 bullfrogs
  3 scorpions
  5 crimson imps
  3 hounds
  A centaur zombie (Ossuary)
  2 human zombies (Ossuary)
  2 orc priests
  7 iguanas
  3 worker ants
  Natasha (twice) (D:2)
  9 orc wizards
  4 hell rats (Lair:2)
  2 big kobold zombies (Ossuary)
  A hound zombie (D:7)
  2 mummies (Ossuary)
  A worker ant zombie (D:7)
  8 adders
  A shadow imp (D:7)
  2 oozes
  An adder zombie (Ossuary)
  2 adder skeletons
  3 worms
  3 dart slugs
  An adder simulacrum (D:7)
  5 leopard geckos
  33 orcs
  3 ball pythons
  7 giant cockroaches
  5 goblins
  5 hobgoblins
  18 jackals
  4 kobolds
  5 quokkas
  5 bats
  6 frilled lizards
  A goblin zombie (Ossuary)
  8 hobgoblin zombies (Ossuary)
  A jackal skeleton (D:5)
  A jackal zombie (D:7)
  6 kobold zombies (Ossuary)
  12 orc zombies (Ossuary)
  2 quokka skeletons
  2 quokka zombies
  3 rats
  3 rat zombies
  2 fungi (Lair:1)
  A plant (Lair:3)
326 creatures vanquished.

Vanquished Creatures (collateral kills)
  A slime creature (D:9)
  A catoblepas (Lair:2)
  3 death yaks (D:9)
  2 spiny frogs
  A demonic crawler (Lair:3)
  14 yaks
  3 porcupines (Lair:2)
  A bullfrog (Lair:2)
  A scorpion (Lair:3)
  A hell rat (Lair:2)
  2 giant cockroaches (Lair:3)
30 creatures vanquished.

Vanquished Creatures (others)
  3 orcs (D:8)
  A fungus (Lair:3)
  A plant (Lair:2)
5 creatures vanquished.

Grand Total: 361 creatures vanquished

Notes
Turn   | Place    | Note
-------+----------+-------------------------------------------
     0 | D:1      | cklessthan3 the Troll Berserker began the quest for the
                  | Orb.
     0 | D:1      | Reached XP level 1. HP: 22/22 MP: 0/0
   106 | D:1      | Reached XP level 2. HP: 29/29 MP: 1/1
   799 | D:2      | Reached XP level 3. HP: 36/36 MP: 2/2
   892 | D:2      | Reached skill level 4 in Unarmed Combat
   892 | D:2      | Reached XP level 4. HP: 39/45 MP: 3/3
   900 | D:2      | Reached ** piety under Trog
   997 | D:2      | Noticed Natasha
  1005 | D:2      | Killed Natasha
  1176 | D:2      | Found a stormy altar of Qazlal.
  1178 | D:2      | Noticed an earth elemental
  1178 | D:2      | Noticed a water elemental
  1179 | D:2      | Noticed a fire elemental
  1179 | D:2      | Noticed an air elemental
  1195 | D:2      | Noticed Natasha
  1202 | D:2      | Killed Natasha
  1202 | D:2      | Reached XP level 5. HP: 35/53 MP: 4/4
  1706 | D:3      | Reached skill level 5 in Unarmed Combat
  1966 | D:4      | Noticed an ogre
  1973 | D:4      | Killed an ogre
  1973 | D:4      | Reached XP level 6. HP: 61/61 MP: 5/5
  2022 | D:4      | Reached skill level 6 in Unarmed Combat
  2255 | D:4      | Reached XP level 7. HP: 48/67 MP: 6/6
  2674 | D:5      | Entered Level 5 of the Dungeon
  2770 | D:5      | Got a fine hand axe
  2772 | D:5      | Identified the +5 hand axe "Ebiff" {freeze, rElec} (You
                  | found it on level 5 of the Dungeon)
  2783 | D:5      | Reached *** piety under Trog
  2783 | D:5      | Reached skill level 7 in Unarmed Combat
  3053 | D:5      | Found a staircase to the Ecumenical Temple.
  3138 | D:5      | Reached XP level 8. HP: 67/75 MP: 7/7
  3522 | D:6      | Reached skill level 8 in Unarmed Combat
  3526 | D:6      | Received a gift from Trog
  3555 | D:6      | Found Olokh's Armour Emporium.
  3600 | D:6      | Found Ecwoebuw's Armour Shop.
  3620 | D:6      | Noticed Edmund
  3636 | D:6      | Killed Edmund
  3640 | D:6      | Reached skill level 1 in Stealth
  3690 | D:6      | Reached skill level 1 in Shields
  3774 | D:6      | Reached skill level 9 in Unarmed Combat
  3822 | D:6      | Reached skill level 5 in Dodging
  4139 | D:7      | Reached **** piety under Trog
  4251 | D:7      | Found a runed translucent gate.
  4252 | D:7      | Found a runed translucent gate.
  4252 | D:7      | Found a runed translucent gate.
  4255 | D:7      | Reached XP level 9. HP: 84/84 MP: 8/8
  4293 | D:7      | Noticed kalagan's ghost (novice DEEE)
  4474 | D:7      | Found a sand-covered staircase.
  4491 | Ossuary  | Entered an ossuary
  4612 | Ossuary  | Reached skill level 10 in Unarmed Combat
  4616 | Ossuary  | Reached ***** piety under Trog
  5133 | D:7      | Killed kalagan's ghost
  5206 | D:8      | Noticed Psyche
  5215 | D:8      | Killed Psyche
  5255 | D:8      | Noticed Grum
  5258 | D:8      | Reached skill level 11 in Unarmed Combat
  5265 | D:8      | Killed Grum
  5274 | D:8      | Reached XP level 10. HP: 84/93 MP: 9/9
  5362 | D:8      | Noticed Harold
  5382 | D:8      | Killed Harold
  5953 | D:9      | Gained mutation: Your mind is acute. (Int +2) [potion of
                  | mutation]
  5953 | D:9      | Gained mutation: You possess an exceptional clarity of
                  | mind. [potion of mutation]
  5955 | D:9      | Reached skill level 13 in Unarmed Combat
  5955 | D:9      | Reached XP level 11. HP: 109/109 MP: 10/10
  6311 | D:9      | Noticed a death yak
  6321 | D:9      | Killed a death yak
  6326 | D:9      | Noticed a death yak
  6330 | D:9      | Noticed a death yak
  6336 | D:9      | Killed a death yak
  6351 | D:9      | Killed a death yak
  6389 | D:9      | Found a staircase to the Lair.
  6411 | Lair:1   | Entered Level 1 of the Lair of Beasts
  6460 | Lair:1   | Reached skill level 5 in Shields
  6506 | Lair:1   | Reached skill level 14 in Unarmed Combat
  6733 | Lair:1   | Lost mutation: You possess an exceptional clarity of mind.
                  | [potion of mutation]
  6733 | Lair:1   | Lost mutation: Your mind is acute. (Int +2) [potion of
                  | mutation]
  6733 | Lair:1   | Gained mutation: Your body sometimes deteriorates upon
                  | taking damage. [potion of mutation]
  6733 | Lair:1   | Gained mutation: Your flesh is heat resistant. (rF+)
                  | [potion of mutation]
  7439 | Lair:2   | Reached XP level 12. HP: 118/118 MP: 11/11
  7750 | Lair:2   | Noticed a catoblepas
  7764 | Lair:2   | Killed a catoblepas
  7850 | Lair:2   | Found a staircase to the Shoals.
  8145 | Lair:2   | Reached skill level 15 in Unarmed Combat
  8690 | Lair:3   | Found a hole to the Spider Nest.
  8723 | Lair:3   | Noticed an eight-headed hydra
  8728 | Lair:3   | Killed an eight-headed hydra
  9758 | Lair:3   | Reached skill level 16 in Unarmed Combat
 10032 | Lair:4   | Reached XP level 13. HP: 41/127 MP: 12/12
 10037 | Lair:4   | HP: 2/127 [elephant (6)]
 10107 | Lair:4   | Received a gift from Trog
 10392 | Lair:4   | HP: 4/127 [seven-headed hydra (3)]
 10392 | Lair:4   | Slain by a seven-headed hydra

Skill      XL: |  1  2  3  4  5  6  7  8  9 10 11 12 13 |
---------------+----------------------------------------+-----
Fighting       | 3 4 7 |  7.7
Unarmed Combat | 4 5 6 7 9 11 13 14 16 | 16.5
Dodging        | 3 4 5 6 7 |  7.8
Stealth        | 1 |  1.6
Shields        | 1 3 4 5 6 |  6.0

Action                   |  1- 3 |  4- 6 |  7- 9 | 10-12 | 13-15 || total
-------------------------+-------+-------+-------+-------+-------++-------
Melee: Unarmed           |    51 |   131 |   349 |   403 |    47 ||   981
       Punch             |       |     3 |     2 |       |       ||     5
Invok: Berserk           |       |       |     7 |     6 |       ||    13
       Trog's Hand       |       |       |       |     8 |     2 ||    10
       Brothers in Arms  |       |       |       |    11 |       ||    11
Evoke: Wand              |       |       |       |     1 |     6 ||     7
  Use: Scroll            |       |     1 |    14 |     6 |     1 ||    22
       Potion            |       |       |       |    18 |       ||    18
 Stab: Sleeping          |       |       |    11 |    10 |       ||    21
  Eat: Chunk             |     6 |    20 |    27 |    63 |     4 ||   120
       Ration            |       |       |     1 |       |       ||     1
Armor: Animal skin       |    14 |    33 |    50 |    76 |    16 ||   189
       Robe              |       |       |    53 |       |       ||    53
Dodge: Dodged            |    25 |    55 |   128 |   144 |    34 ||   386
Block: Shield            |       |       |   127 |   195 |    34 ||   356
